cohdb
Replays
Latest Replays
All Replays
Popular Replays
Top Player Replays
Match Explorer
How It Works
Community
CoH3 Stats
Reddit
Sign in to upload your games and track your stats! →
Sign in with Steam
Match 23031420
Unlisted
Match 23031420
Overview
Messages
Build Orders
End
Construct Section Command Post
Dingo Light Scout Car
Dingo Light Scout Car
Royal Engineer Section
Infantry Section
Vickers Machine Gun Team
ML 3-inch Mortar Team
Construct Platoon Command Post
CMP 15cwt Truck
6-pounder Anti-tank Gun Team
CMP 15cwt Truck
Infantry Section
Infantry Training
6-pounder Anti-tank Gun Team
Team Weapon Training
Infantry Section
Construct Company Command Post
Vickers Machine Gun Team
Infantry Section
Matilda II Heavy Tank
Royal Engineer Section
Unlock Towed 17-pounder Anti-tank Guns
MYaHa
the.dolfini
TidaL
jmilli10
NorthKoreaBoy
ANHYIL
0
0
Comments
sign in to comment!
No comments posted yet!